 Dungeon Crawl Stone Soup version 0.30-a0-159-g068b764562 (webtiles) character file.

Game seed: 12028684096451786558

60 freelancePsychic the Conjurer (level 4, 0/23 (28) HPs)
             Began as a Tengu Reaver on Sept 27, 2022.
             Was an Initiate of Yredelemnul.
             Succumbed to an adder's poison
             ... on level 2 of the Dungeon.
             The game lasted 00:03:27 (2595 turns).

freelancePsychic the Conjurer (Tengu Reaver)        Turns: 2595, Time: 00:03:28

HP:   0/23 (28)     AC:  3    Str: 13    XL:     4   Next: 4%
MP:   7/8           EV: 11    Int: 15    God:    Yredelemnul [......]
Gold: 142           SH:  0    Dex: 12    Spells: 5/7 levels left

rFire   . . .      SeeInvis .    a - +0 falchion
rCold   . . .      Faith    .    (no shield)
rNeg    . . .      Spirit   .    b - +0 leather armour
rPois   .          Reflect  .    (helmet restricted)
rElec   .          Harm     .    (no cloak)
rCorr   .          Rampage  .    (no gloves)
Will    .....                    (boots unavailable)
Stlth   +.........               (no amulet)
HPRegen 0.07/turn                (no ring)
MPRegen 0.11/turn                (no ring)

@: lethally poisoned (0 -> -5), heavily drained
A: beak, talons 3
a: Renounce Religion, Recall Undead Harvest


You were on level 2 of the Dungeon.
You worshipped Yredelemnul.
Yredelemnul was noncommittal.
You visited 1 branch of the dungeon, and saw 2 of its levels.

You collected 142 gold pieces.

Inventory:

Hand Weapons
 a - a +0 falchion (weapon)
Armour
 b - a +0 leather armour (worn)
 i - a +0 ring mail
Wands
 j - a wand of flame (14)
Scrolls
 c - a scroll of immolation {unknown}
 d - 7 scrolls of identify {unknown}
 e - a scroll of enchant armour {unknown}
 l - 2 scrolls of poison {unknown}
Potions
 f - a potion of might {unknown}
 g - a potion of resistance {unknown}
 h - a potion of brilliance {unknown}
 k - a potion of haste {unknown}


   Skills:
 + Level 3.0 Fighting
 - Level 3.3 Long Blades
 - Level 2.1 Dodging
 - Level 2.0 Spellcasting
 + Level 4.6 Conjurations
 - Level 1.5 Necromancy
 + Level 1.2 Fire Magic


You had 5 spell levels left.
You knew the following spells:

 Your Spells              Type           Power      Damage    Failure   Level
a - Kiss of Death         Conj/Necr      40%        2d8       8%          1
b - Necrotise             Necr           24%        1d5       16%         1

Your spell library contained the following spells:

 Spells                   Type           Power      Damage    Failure   Level
 Volcanic Tap             Conj/Fire/Erth 14%        3d8       19%         2
 Apportation              Tloc           2%         N/A       28%         1
 Summon Small Mammal      Summ           4%         N/A       28%         1
 Hailstorm                Conj/Ice       8%         3d4       32%         3
 Ignite Poison            Fire/Tmut/Pois 2%         N/A       56%         3
 Sticky Flame             Conj/Fire      10%        2d3       63%         4
 Ignition                 Fire           2%         3d3       100%        8


Dungeon Overview and Level Annotations

Branches:
Dungeon (2/15)

Altars:
Yredelemnul


Innate Abilities, Weirdness & Mutations

You have a beak for a mouth.
You have claws for feet.


Message History

An adder, a giant cockroach and a dart slug come into view.
The adder hisses angrily.
Found 9 gold pieces, a spear, a helmet and a bubbling blue potion.
There are monsters nearby!
There are monsters nearby!
Found 5 gold pieces.
The giant cockroach bites you but does no damage.
The adder bites you.
You are poisoned.
The adder poisons you!
There is a large open door, spattered with blood here.
You slash the adder! Your kick misses the adder.
The adder is severely wounded.
You feel sick. The giant cockroach closely misses you. The adder bites you.
The giant cockroach barely misses you.
You feel sick. The giant cockroach closely misses you.
The adder bites you but does no damage.
There is a large open door here.
The adder attacks as you move away! The adder closely misses you.
You feel sick.
You feel sick. The adder attacks as you move away! The adder bites you.
You are lethally poisoned!
The adder poisons you!
You feel sick. The adder bites you.
* * * LOW HITPOINT WARNING * * *
You slash the adder!
You kill the adder!
* * * LOW HITPOINT WARNING * * *
You feel sick.
Your Fighting skill increases to level 3!
You have reached level 4!
You feel stronger.
Casting: Kiss of Death (safe; 8% risk of failure)
Confirm with . or Enter, or press ? or * to list all spells.
Aiming: Necrotise (safe; 16% risk of failure)
Press: ? - help, Shift-Dir - straight line, f - giant cockroach
Aim: a giant cockroach (chance to affect: 71%)
The giant cockroach struggles to resist.
You die...
Your body rises from the dead as a mindless zombie.

# .###.....## ####### # #
##...## ......$ # ##'##
....... ###.# #.#
###.....⌠. ....# #.#
#.'...[... ##### ##.##
##.'...$).. ########...##
#..#..⌠.!..
#.....#.....####B##.....w.
#.###.##........@.#.......
......###.......##########
#Z###.###.#.###.# #.#
#.Z.....# #.#
#Z###.###.### #.# #ZZ.Z.#
#.#####.# #######
#.......# #.####### #.#


You could see a giant cockroach.

Vanquished Creatures
  Robin (D:2)
  An adder (D:2)
  A worm (D:2)
  4 ball pythons
  3 endoplasms
  6 goblins
  5 hobgoblins
  3 kobolds
  2 quokkas
  2 bats
  2 frilled lizards
  3 rats
33 creatures vanquished.

Vanquished Creatures (collateral kills)
  A kobold (D:2)
  A frilled lizard (D:1)
2 creatures vanquished.

Vanquished Creatures (others)
  A ball python zombie (D:2)
  A frilled lizard zombie (D:2)
  A goblin zombie (D:2)
  2 hobgoblin zombies (D:2)
  A kobold zombie (D:2)
  A quokka zombie (D:2)
  2 rat zombies (D:2)
  A plant (D:1)
10 creatures vanquished.

Grand Total: 45 creatures vanquished

Notes
Turn   | Place    | Note
-------+----------+-------------------------------------------
     0 | D:1      | freelancePsychic the Tengu Reaver began the quest for the
                  | Orb.
     0 | D:1      | Reached XP level 1. HP: 12/12 MP: 4/4
   105 | D:1      | Learned a level 1 spell: Necrotise
   562 | D:1      | Found a faded altar of an unknown god.
   613 | D:1      | Prayed at the altar of an unknown god.
   613 | D:1      | Became a worshipper of Yredelemnul the Dark
   665 | D:1      | Reached skill level 1 in Necromancy
   665 | D:1      | Reached XP level 2. HP: 18/18 MP: 6/6
   695 | D:1      | Reached * piety under Yredelemnul
  1135 | D:2      | Noticed Robin
  1369 | D:1      | Reached XP level 3. HP: 21/22 MP: 7/7
  1721 | D:2      | Killed Robin
  2170 | D:2      | Reached skill level 1 in Fire Magic
  2306 | D:2      | Your ally Robin died
  2595 | D:2      | Reached XP level 4. HP: 1/23 MP: 8/8
  2595 | D:2      | Succumbed to an adder's poison

Illustrated notes

Levels and vault maps discovered:
D:1:      minmay_arrival_stair_chambers, layout_basic,
          shapermc_ecumenical_altar_acropolis, bh_walls_and_bars
D:2:      layout_loops_corners, kennysheep_generic_room_7, uniq_robin

Skill      XL: |  1  2  3 |
---------------+----------+-----
Necromancy     | 1 |  1.5
Fire Magic     | 1 |  1.2
Fighting       | 3 |  3.0
Long Blades    | |  3.3
Dodging        | |  2.1
Spellcasting   | |  2.0
Conjurations   | |  4.6

Action                   |  1- 3 |  4- 6 || total
-------------------------+-------+-------++-------
Melee: Falchion          |    75 |       ||    75
       Kick              |    15 |       ||    15
       Peck              |    13 |       ||    13
       Punch             |     1 |       ||     1
 Cast: Necrotise         |    16 |     1 ||    17
       Kiss of Death     |     2 |       ||     2
Armor: Leather armour    |    26 |       ||    26
       Ring mail         |     5 |       ||     5
Dodge: Dodged            |    71 |       ||    71

Table legend: (Time is in decaauts)
 A = Elapsed time spent in this place.
 B = Non-inter-level travel time spent in this place.
 C = Inter-level travel time spent in this place.
 D = Time resting spent in this place.
 E = Time spent auto-exploring this place.
 F = Levels seen in this place.
 G = Mean time per level.
                   A        B        C        D        E       F      G
               +--------+--------+--------+--------+--------+-----+--------+
         Total |   2608 |   2573 |     35 |    541 |   1733 |   2 | 1304.0 |
       Dungeon |   2608 |   2573 |     35 |    541 |   1733 |   2 | 1304.0 |
               +--------+--------+--------+--------+--------+-----+--------+

Top non-repeatable levels by time:
     D:1: 1693 daAuts
     D:2: 914 daAuts
